 Dungeon Crawl Stone Soup version 0.18-a0-1626-g65af6d3 (webtiles) character file.

105 Leszczynek the Charmwright (level 4, -4/33 HPs)
             Began as a Vampire Skald on Mar 25, 2016.
             Was a Believer of Dithmenos.
             Splashed by Ijyb's acid (16 damage)
             ... on level 3 of the Dungeon.
             The game lasted 00:12:10 (3312 turns).

Leszczynek the Charmwright (Vampire Skald)          Turns: 3312, Time: 00:14:57

Health: -4/33      AC:  0    Str: 12    XL:     4   Next: 53%
Magic:  7/7        EV: 11    Int: 14    God:    Dithmenos [**....]
Gold:   115        SH:  0    Dex: 13    Spells: 3 memorised, 2 levels left

rFire  . . .     SeeInvis +     q - +2 short sword (drain)
rCold  . . .     Gourm    .     b - +0 leather armour
rNeg   + . .     Faith    .     (no shield)
rPois  .         Spirit   .     (no helmet)
rElec  .         Dismiss  .     o - +0 cloak
rCorr  .         Reflect  .     (no gloves)
SustAt .         Harm     .     (no boots)
MR     .....                    (no amulet)
Stlth  +.........               (no ring)
                                (no ring)

@: corroded, wreathed by umbra, not resistant to hostile enchantments, very
unstealthy
A: fangs 3, see invisible, unbreathing
a: Bat Form, Shadow Step, Renounce Religion


You were on level 3 of the Dungeon.
You worshipped Dithmenos.
Dithmenos was pleased with you.
You were not thirsty.

You visited 1 branch of the dungeon, and saw 3 of its levels.

You collected 115 gold pieces.

Inventory:

Hand Weapons
 a - a +0 falchion
 q - a +2 short sword of draining (weapon)
Armour
 b - a +0 leather armour (worn)
 n - a +0 ring mail
 o - a +0 cloak (worn)
Scrolls
 e - 3 scrolls of identify {unknown}
 g - a scroll of magic mapping {unknown}
 h - a scroll of teleportation {unknown}
 i - 3 scrolls of enchant armour {unknown}
 l - 3 scrolls of enchant weapon {unknown}
 m - a scroll of remove curse {unknown}
 s - a scroll of noise {unknown}
Potions
 d - 20 potions of blood
 f - a potion of cancellation {unknown}
 j - 2 potions of curing {unknown}
 k - a potion of agility {unknown}
 p - a potion of invisibility {unknown}
Books
 c - a book of Battle

   Spells                             Type                      Level
   a - Infusion                       Charms                       1
   b - Shroud of Golubria             Charms/Translocation         2
   c - Song of Slaying                Charms                       2
   d - Spectral Weapon                Hexes/Charms                 3
   e - Regeneration                   Charms/Necromancy            3
 r - a book of Maledictions

   Spells                             Type                      Level
   a - Corona                         Hexes                        1
   b - Ensorcelled Hibernation        Hexes/Ice                    2
   c - Confuse                        Hexes                        3
   d - Tukima's Dance                 Hexes                        3
   e - Dazzling Spray                 Conjuration/Hexes            3


   Skills:
 - Level 1.7 Fighting
 + Level 3.7 Long Blades
 - Level 0.7 Armour
 - Level 1.1 Dodging
 * Level 2.6 Spellcasting
 * Level 1.1 Hexes
 - Level 4.0 Charms


You had 2 spell levels left.
You knew the following spells:

 Your Spells              Type           Power        Failure   Level  Hunger
a - Infusion              Chrm           ##..         8%          1    #......
b - Shroud of Golubria    Chrm/Tloc      #.........   21%         2    ###....
c - Spectral Weapon       Hex/Chrm       #.......     34%         3    ###....


Dungeon Overview and Level Annotations

Branches:
Dungeon (3/15)

Altars:
Dithmenos
Fedhas
Makhleb
Nemelex Xobeh
Qazlal
Vehumet

Annotations:
D:3 Ijyb


Innate Abilities, Weirdness & Mutations

You have razor-sharp teeth.
You have supernaturally acute eyesight.
You can survive without breathing.


Message History

You are feeling thirsty.
Drink which item? (? for menu, Esc to quit)
Yummy - fresh blood!
Found a flail.
You see here a flail.
HP restored.
You see here a short sword.
Found an escape hatch in the floor.
Found a stone staircase leading down.
Found a war axe.
Found a stone staircase leading up.
Okay, then.
Wear which item? (? for menu, Esc to quit)
Okay, then.
Ijyb the Twisted Goblin comes into view.
He is wielding a dagger.
Ijyb shouts!
Ijyb screams, "It's all mine!"
Ijyb zaps a wand.
The bolt of acid hits you!
Ouch! That really hurt!
The acid corrodes you!
The acid burns!
You die...

.....##...####
........#.♣♣.♣♣♣
.....#..#....P.♣♣
######....♣♣♣..P♣##
.######..#♣♣PP.P♣.#
......).<# ♣♣♣..♣g#
#........# ♣♣.♣.#
.........####♣♣.♣.#
#........##.....@.#
#...........##....#
#.........# #......
#.........##
#.....P♣
............
###..PP♣ .........#
..♣♣♣♣ .........#
... .##.#..#.# ...
.#..#.## #


You could see Ijyb.

Vanquished Creatures
  3 adders
  3 worms
  2 dart slugs
  2 giant geckos
  3 orcs (D:3)
  4 giant cockroaches
  9 hobgoblins
  4 jackals
  6 kobolds
  A quokka (D:2)
  8 bats
  3 giant newts
  5 goblins
  8 rats
61 creatures vanquished.

Notes
Turn   | Place    | Note
--------------------------------------------------------------
     0 | D:1      | Leszczynek the Vampire Skald began the quest for the Orb.
     0 | D:1      | Reached XP level 1. HP: 16/16 MP: 3/3
   581 | D:1      | Reached XP level 2. HP: 22/22 MP: 5/5
  1266 | D:1      | Reached XP level 3. HP: 23/27 MP: 6/6
  1350 | D:2      | Found a faded altar to an unknown god.
  1356 | D:2      | Became a worshipper of Dithmenos the Shadowed
  1356 | D:2      | Reached * piety under Dithmenos
  1356 | D:2      | huh, it's okay
  1413 | D:2      | Found a sparkling altar of Nemelex Xobeh.
  1428 | D:2      | Found a blossoming altar of Fedhas.
  1446 | D:2      | Learned a level 2 spell: Shroud of Golubria
  1450 | D:2      | Learned a level 3 spell: Spectral Weapon
  1745 | D:2      | Reached skill level 4 in Charms
  2205 | D:2      | Reached XP level 4. HP: 20/33 MP: 7/7
  2520 | D:2      | Found a radiant altar of Vehumet.
  2720 | D:3      | Reached skill level 1 in Hexes
  2729 | D:3      | Reached ** piety under Dithmenos
  3011 | D:3      | Found a burning altar of Makhleb.
  3012 | D:3      | Found a stormy altar of Qazlal.
  3312 | D:3      | Noticed Ijyb
  3312 | D:3      | Splashed by Ijyb's acid

Vault maps used:
D:1:      moated_graveyard_arrival
D:2:      old_standard_altar, nemelex_deck, vehumet_crystals,
          ecumenical_altar_1, grunt_ministairs_13, st_stairs_10,
          corexii_leaking_fountain, kennysheep_pointless_box
D:3:      lemuel_coloured_pillars_altar, grunt_temple_overflow_open,
          first_bread, serial_forest, infiniplex_forest_clump_large,
          infiniplex_forest_clump_curved, infiniplex_forest_lined_ring,
          infiniplex_forest_clump_medium, infiniplex_forest_clump_medium,
          infiniplex_forest_corner_2, infiniplex_forest_straight_1,
          infiniplex_forest_end_3, infiniplex_forest_lined_room_2, minivault_5,
          grunt_decor_resistance, uniq_iyjb, uniq_grinder

Skill      XL: |  1  2  3  4 |
---------------+-------------+-----
Long Blades    | 3 |  3.7
Charms         | 4 |  4.0
Hexes          | 1 |  1.1
Fighting       | |  1.7
Armour         | |  0.7
Dodging        | |  1.1
Spellcasting   | |  2.6

Action                   |  1- 3 |  4- 6 || total
-------------------------+-------+-------++-------
Melee: Falchion          |   109 |    13 ||   122
       Short sword       |    31 |    48 ||    79
 Cast: Infusion          |     1 |       ||     1
  Use: Potion            |     3 |     4 ||     7
